Map: Rifts to Korhal

Players

wasp

  • Race: Protoss Protoss
  • Spawn Location: 7:00

NamroodTuo

  • Race: Zerg Zerg

VOD

Have the link to the VOD?

Description

Time

  • Played on: May 19, 2023, 4:06 p.m.
  • Length: 26:04
Show
View Real Time Build Order
Export as new Build Order

wasp Protoss 

Build Orders:  

Get SALT Encoding   

  12  0:27  Gateway  
  12  0:38  Pylon  
  12  0:49  Assimilator  
  12  0:58  Probe (Chrono Boost), Assimilator  
  13  1:12  Probe (Chrono Boost)  
  14  1:25  Probe (Chrono Boost)  
  15  1:39  Probe (Chrono Boost)  
  16  1:45  Zealot  
  18  1:52  Probe (Chrono Boost)  
  19  2:06  Probe (Chrono Boost)  
  20  2:18  Zealot  
  20  2:19  Probe (Chrono Boost)  
  23  2:33  Probe (Chrono Boost)  
  24  2:46  Probe (Chrono Boost)  
  24  2:49  Zealot  
  27  3:00  Probe (Chrono Boost)  
  27  3:05  Gateway  
  28  3:23  Gateway  
  28  3:35  Gateway  
  28  4:03  Zealot  
  28  4:04  Zealot x2  
  34  4:49  Pylon  
  34  4:53  Pylon  
  34  4:56  Pylon  
  34  4:58  Zealot  
  34  4:59  Zealot x2  
  40  5:01  Pylon  
  40  5:06  Pylon  
  40  5:11  Pylon  
  40  6:07  Pylon  
  40  6:31  Nexus  
  40  6:47  Assimilator  
  40  6:51  Probe (Chrono Boost)  
  40  6:53  Assimilator  
  41  7:04  Probe (Chrono Boost)  
  42  7:14  Zealot  
  42  7:15  Zealot x5  
  42  7:18  Probe (Chrono Boost)  
  55  7:31  Probe (Chrono Boost)  
  56  7:45  Probe (Chrono Boost)  
  57  7:58  Probe (Chrono Boost)  
  58  8:51  Zealot x4  
  58  8:58  Zealot  
  58  8:59  Zealot  
  70  9:00  Zealot  
  70  9:01  Zealot  
  70  9:02  Zealot  
  70  9:03  Zealot  
  70  9:04  Zealot x2  
  82  9:22  Probe (Chrono Boost)  
  83  9:35  Probe (Chrono Boost)  
  84  9:49  Probe (Chrono Boost)  
  85  9:51  Cybernetics Core  
  85  9:54  Forge  
  85  10:00  Pylon  
  85  10:02  Probe (Chrono Boost)  
  86  10:16  Probe (Chrono Boost)  
  86  10:17  Probe (Chrono Boost)  
  88  10:29  Probe (Chrono Boost)  
  89  10:43  Probe (Chrono Boost)  
  90  10:56  Probe (Chrono Boost)  
  90  10:57  Pylon  
  91  11:00  Pylon  
  91  11:04  Pylon  
  91  11:30  Photon Cannon  
  91  11:33  Photon Cannon  
  91  11:37  Photon Cannon  
  91  11:41  Photon Cannon  
  91  11:44  Photon Cannon  
  91  11:48  Photon Cannon  
  91  11:52  Photon Cannon  
  91  11:54  Photon Cannon  
  91  12:00  Photon Cannon  
  91  12:07  Photon Cannon  
  91  12:10  Photon Cannon  
  91  12:18  Photon Cannon  
  91  12:59  Stargate  
  91  13:06  Robotics Facility  
  75  14:00  Zealot x2  
  75  14:01  Zealot x4  
  75  14:04  Zealot  
  75  14:07  Dragoon x2  
  75  14:08  Dragoon x3  
  57  15:20  Zealot  
  57  15:21  Zealot x3  
  57  15:23  Zealot  
  57  15:24  Zealot  
  57  15:26  Dragoon  
  57  15:27  Dragoon  
  57  15:28  Dragoon  
  57  15:29  Dragoon  
  75  16:10  Phoenix  
  75  16:12  Phoenix  
  75  16:13  Phoenix  
  81  16:59  Probe (Chrono Boost)  
  82  17:11  Photon Cannon  
  82  17:13  Probe (Chrono Boost)  
  82  17:19  Photon Cannon  
  83  17:26  Probe (Chrono Boost)  
  83  17:27  Photon Cannon  
  78  17:37  Photon Cannon  
  78  17:39  Photon Cannon  
  107  17:40  Probe (Chrono Boost), Photon Cannon  
  78  17:45  Photon Cannon  
  78  17:47  Photon Cannon  
  79  17:53  Probe (Chrono Boost)  
  68  18:21  Zealot x4  
  68  18:22  Zealot  
  68  18:24  Dragoon x4  
  68  18:25  Dragoon x3  
  88  19:35  Stargate  
  88  19:40  Stargate  
  88  21:51  Phoenix  
  88  21:52  Phoenix x2  
  88  21:53  Phoenix x4  
  88  21:54  Phoenix  
  88  21:55  Phoenix  
  106  22:03  Dragoon x2  
  106  22:04  Dragoon x4  
  106  22:05  Dragoon x3  
  106  22:06  Dragoon x3  
  104  24:07  Phoenix  
  104  24:08  Phoenix x3  
  104  24:09  Phoenix x4  
  118  24:10  Phoenix  
  118  24:15  Zealot x2  
  118  24:16  Zealot x2  
  118  24:17  Zealot x2  
  118  24:18  Zealot x3  
  118  24:19  Zealot x3  
Show
View Real Time Build Order
Export as new Build Order

NamroodTuo Zerg 

Build Orders:  

Get SALT Encoding   

  12  0:19  Infested Barracks  
  12  0:25  Infested SCV  
  13  0:33  Infested SCV  
  13  0:39  Infested SCV  
  15  0:50  Overlord  
  15  1:16  Infested SCV  
  15  1:17  Infested SCV  
  17  1:27  Infestation Level 1  
  17  1:36  Overlord  
  17  1:43  Infested SCV  
  17  1:46  Infested SCV  
  19  1:55  Infested Refinery  
  19  1:58  Infested SCV  
  20  2:13  Infested SCV  
  21  2:26  Infested Refinery  
  21  2:27  Infested SCV  
  22  2:33  Infested Marine  
  22  2:34  Infested Marine x4  
  27  2:53  Infested SCV  
  28  3:37  Infested Factory  
  28  3:42  Infested SCV x3  
  28  3:43  Infested Engineering Bay  
  28  3:45  Overlord  
  31  3:53  Infested Barracks Tech Lab  
  31  4:22  Infestation Level 2  
  31  4:25  Infested SCV x2  
  28  4:39  Infested Bunker  
  32  4:47  Unknown  
  32  4:53  Infested Armory  
  32  4:57  Infested SCV  
  33  5:01  Infested SCV  
  34  5:34  Infested Missile Turret  
  34  5:41  Infested Factory Tech Lab  
  34  5:43  Regenerative Plating  
  34  5:57  Infested Marine  
  34  5:58  Infested Marine x4  
  39  6:03  Overlord x2  
  37  6:22  Anaerobic Enhancement  
  34  6:41  Infested Command Center  
  34  6:57  Overlord, Aggressive Incubation  
  34  7:03  Stukov Infantry Weapons Level 1  
  34  7:43  Infested Siege Tank  
  34  7:44  Infested Siege Tank  
  40  8:13  Infested Bunker  
  44  8:33  Infested SCV x3  
  47  8:48  Broodling Gestation  
  47  9:06  Infested Marine x3  
  47  9:07  Infested Marine x16  
  58  9:41  Infested Siege Tank, Infested Diamondback  
  58  9:43  Calcified Armor  
  50  9:51  Infested SCV x4  
  52  10:13  Infested SCV x2  
  54  10:20  Infested Diamondback  
  54  10:22  Stukov Vehicle and Ship Weapons Level 1  
  56  10:45  Retinal Augmentation  
  56  10:51  Overseer  
  56  10:57  Infested SCV x3  
  59  11:01  Infested Refinery  
  59  11:06  Infested Refinery  
  59  11:11  Overlord  
  59  11:13  Overlord  
  59  11:14  Infested SCV  
  59  11:15  Infested SCV x3  
  63  11:59  Infested Missile Turret  
  71  12:12  Infested Bunker  
  71  12:25  Infested SCV x4  
  75  12:30  Infested Missile Turret  
  75  12:32  Infested SCV  
  76  13:03  Infested Bunker  
  76  13:52  Infested Marine x2  
  76  13:53  Infested Marine x16  
  94  14:00  Overlord  
  94  14:01  Overlord x3  
  94  14:06  Stukov Infantry Armor Level 1  
  94  14:08  Stukov Vehicle and Ship Weapons Level 2  
  94  14:15  Infestation Level 3  
  93  14:55  Infested SCV x2  
  93  14:56  Infested SCV x2  
  97  15:22  Overseer  
  97  15:23  Overseer x2  
  97  15:39  Overlord x3, Infested Bunker  
  105  15:40  Overlord x5  
  105  15:45  Infested Bunker  
  88  16:03  Infested Marine  
  88  16:04  Infested Marine x14  
  88  16:05  Infested Marine x3  
  106  16:23  Infested Barracks  
  110  16:33  Infested Bunker  
  92  16:41  Infested Marine x7  
  92  16:42  Infested Marine x2  
  92  16:47  Stukov Infantry Weapons Level 2  
  101  16:55  Plagued Munitions  
  101  17:08  Infested SCV x2  
  103  17:18  Stukov Vehicle and Ship Armor Level 1  
  98  17:21  Infested Missile Turret  
  98  17:22  Infested Bunker  
  98  17:26  Infested Marine  
  98  17:27  Infested Marine x9, Infested Missile Turret  
  108  17:51  Infested Marine  
  108  17:52  Infested Marine x9  
  117  18:13  Infested Marine  
  117  18:14  Infested Marine x9  
  118  18:25  Saturated Cultures  
  118  18:28  Infested Siege Tank  
  118  18:29  Infested Diamondback  
  118  18:30  Infested Siege Tank, Infested Diamondback  
  118  18:31  Infested Siege Tank  
  118  18:57  Infested Colonist Compound  
  117  19:24  Caustic Mucus  
  117  19:57  Stukov Infantry Armor Level 2  
  117  19:58  Stukov Vehicle and Ship Weapons Level 3  
  111  20:24  Infested Marine x4  
  111  20:25  Infested Marine x24  
  111  20:26  Infested Marine x12  
  151  20:36  Infested Siege Tank, Infested Diamondback  
  151  20:37  Infested Siege Tank, Infested Diamondback  
  151  20:38  Infested Siege Tank  
  166  20:40  Overlord  
  166  20:41  Overlord x5  
  166  20:42  Overlord  
  166  20:54  Automated Mitosis  
  166  21:06  Infested Marine  
  166  21:07  Infested Marine x14  
  166  21:08  Infested Marine  
  177  21:54  Acidic Enzymes  
  177  22:08  Infested Marine x3  
  177  22:09  Infested Marine x20  
  160  23:00  Infested Siege Tank, Infested Diamondback  
  160  23:01  Infested Siege Tank x2, Infested Diamondback  
  160  23:05  Overseer x2  
  160  23:06  Overseer x3  
  108  24:10  Infested Marine x8  
  108  24:11  Infested Marine x23  
  108  24:12  Infested Marine x9  
  148  24:27  Infested Barracks  
  138  25:08  Infested Marine x7  
  138  25:09  Infested Marine x15  
Tags
 
Commander
ArtanisStukov
Matchup
Co-op
Replay Pack
Multiplayer
Add a new tag
Caveats
  • Supply blocks, unpowered buildings, or Contaminate may cause inaccurate times.
  • Supply counts are checked every 10 seconds.